 Dungeon Crawl Stone Soup version 0.14-a0-817-g3f7b0b1 (webtiles) character file.

40 Malachi the Practitioner (level 2, -2/23 HPs)
             Began as a Djinni Healer on Nov 12, 2013.
             Was a Believer of Elyvilon.
             Hit by a stone thrown by a hobgoblin (4 damage)
             ... on Level 1 of the Dungeon.
             The game lasted 00:02:10 (524 turns).

Malachi the Practitioner (Djinni Healer)             Turns: 524, Time: 00:02:10

HP  -2/23        AC  3     Str 12      XL: 2   Next: 20%
MP   0/0         EV 12     Int 12      God: Elyvilon [**....]
Gold 28          SH  0     Dex 12      Spells:  0 memorised,  1 level left

Res.Fire  : + + +   See Invis. : .   h - +1,+0 elf spear
Res.Cold  : x . .   Warding    : .   a - +1 robe
Life Prot.: + + +   Conserve   : .   (no shield)
Res.Poison: .       Res.Corr.  : .   (no helmet)
Res.Elec. : .       Clarity    : .   (no cloak)
Sust.Abil.: . .     Spirit.Shd : .   (no gloves)
Res.Mut.  : .       Stasis     : .   (boots unavailable)
Res.Rott. : .       Flight     : +   (no amulet)
Saprovore : . . .                    (no ring)
                                     (no ring)

@: flying, not resistant to hostile enchantments, unstealthy
A: fire immunity, cold vulnerability, life protection 3
a: Lesser Healing, Lesser Self-Healing, Divine Protection, Purification,
Renounce Religion


You were on level 1 of the Dungeon.
You worshipped Elyvilon.
Elyvilon was pleased with you.
You were not hungry.

You visited 1 branch of the dungeon, and saw 1 of its levels.

You collected 28 gold pieces.

Inventory:

Hand weapons
 f - a +1,+0 whip
 h - a +1,+0 elven spear (weapon)
Armour
 a - a +1 robe (worn)
Scrolls
 d - a scroll of magic mapping {unknown}
 e - a scroll of identify {unknown}
 i - 3 scrolls of enchant armour {unknown}
 j - a scroll of recharging {unknown}
Potions
 b - a potion of curing
 c - a potion of heal wounds
 g - a potion of restore abilities {unknown}


   Skills:
 + Level 1.7 Fighting
 + Level 1.9 Dodging
 * Level 3.7 Invocations


You had one spell level left.
You didn't know any spells.

Dungeon Overview and Level Annotations

Branches:
Dungeon (1/27)

Altars:


Innate Abilities, Weirdness & Mutations

You are immune to all types of fire, even holy and hellish.
You are vulnerable to cold.
You need no food.
You have no legs.
You are immune to negative energy.


Message History

The hobgoblin hits the ooze with an orcish club.
You see here a stone.
The hobgoblin throws a stone.
The stone hits the hobgoblin.
The ooze hits the hobgoblin.
The hobgoblin dies!
Use which ability? (? or * to list)
You haven't enough essence at the moment.
Use which ability? (? or * to list)
You haven't enough essence at the moment.
Your magical contamination has completely faded away.
The hobgoblin throws a stone.
The stone hits you!
* * * LOW HITPOINT WARNING * * *
You see here a stone.
Use which ability? (? or * to list)
You haven't enough essence at the moment.
The hobgoblin throws a stone.
The stone hits you!
* * * LOW HITPOINT WARNING * * *
You see here a stone.
The hobgoblin throws a stone.
The stone hits you!
You die...

#.>.#...# #....##.# . ...
#...#...#####.......# .. ...
##'###'###..........# .. #..
#.....# #....###...# ..## #.#
###.#####..%.# ###.# .... ..#
#.#...####.# #.# ...# #.######
#.....#%...# #.# ...# #.##...#
#.....#....# #.#
...####.##..(###@..###....#####.#
........Jg.(...((............#...
........##...................#...
.....(..(#..........#####.#..#...
....(....##.........### #.#..##.#
......................# #.#..##.#
.######.###.#########.# #.#..##.#
. #.#..[#########.###.#..##.# .
#......................##.#


You could see an ooze and a hobgoblin.

Vanquished Creatures
  A giant cockroach (D:1)
  A hobgoblin (D:1)
  3 bats (D:1)
  3 kobolds (D:1)
8 creatures vanquished.

Vanquished Creatures (others)
  A hobgoblin (D:1)
  A jackal (D:1)
2 creatures vanquished.

Grand Total: 10 creatures vanquished

Notes
Turn   | Place    | Note
--------------------------------------------------------------
     0 | D:1      | Malachi, the Djinni Healer, began the quest for the Orb.
     0 | D:1      | Reached XP level 1. HP: 16/16 MP: 0/0
   374 | D:1      | Reached XP level 2. EP: 14/23
   524 | D:1      | Hit by a stone thrown by a hobgoblin

Action                   || total
-------------------------++-------
Melee: Whip              ||    19
       Spear             ||    36
       Unarmed           ||     1
Invok: Lesser Healing    ||    11
